 Dungeon Crawl Stone Soup version 0.30-a0-924-g0ad0bf95bc (webtiles) character file.

Game seed: 12389326756216486140

152 Esekla the Trooper (level 5, -3/42 HPs)
             Began as a Formicid Cinder Acolyte on Mar 22, 2023.
             Was a High Priest of Ignis.
             Slain by Eustachio
             ... wielding a +0 rapier
              (4 damage)
             ... on level 3 of the Dungeon.
             The game lasted 00:16:18 (3324 turns).

Esekla the Trooper (Formicid Cinder Acolyte)        Turns: 3324, Time: 00:16:18

Health: -3/42      AC:  3    Str: 18    XL:     5   Next: 60%
Magic:  0/9        EV: 11    Int: 16    God:    Ignis [*****.]
Gold:   192        SH:  0    Dex:  9    Spells: 8/10 levels left

rFire   + . .      SeeInvis +    a - -1 falchion (flame)
rCold   . . .      Faith    .    (no shield)
rNeg    + . .      Spirit   .    b - +0 robe
rPois   .          Reflect  .    (helmet unavailable)
rElec   .          Rampage  .    (no cloak)
rCorr   .                        (no gloves)
Will    .....                    n - +0 pair of boots
Stlth   +                        l - amulet of the acrobat
HPRegen 0.27/turn                h - ring of positive energy
MPRegen 0.11/turn                (no ring)

@: very slightly contaminated
A: permanent stasis, dig shafts and tunnels, antennae 3, four strong arms
a: Dig, Shaft Self, Renounce Religion, Fiery Armour, Foxfire Swarm, Rising Flame


You were on level 3 of the Dungeon.
You worshipped Ignis.
Ignis was extremely pleased with you.
You visited 1 branch of the dungeon, and saw 4 of its levels.

You collected 192 gold pieces.

Inventory:

Hand Weapons
 a - a -1 falchion of flaming (weapon)
 j - a +0 dagger
 t - a +0 trident
Missiles
 c - 3 boomerangs
Armour
 b - a +0 robe (worn)
 n - a +0 pair of boots (worn)
Jewellery
 h - a ring of positive energy (left hand)
 l - an amulet of the acrobat (around neck)
Wands
 p - a wand of flame (20)
Scrolls
 d - 2 scrolls of poison {unknown}
 e - 2 scrolls of identify {unknown}
 f - a scroll of amnesia {unknown}
 g - 2 scrolls of noise {unknown}
 i - a scroll of teleportation {unknown}
 q - a scroll of enchant armour {unknown}
 r - a scroll of fear {unknown}
Potions
 k - 2 potions of curing
 m - a potion of magic {unknown}
 o - a potion of might {unknown}
 s - a potion of degeneration {unknown}
 u - a potion of attraction {unknown}


   Skills:
 * Level 4.3 Fighting
 + Level 3.6 Long Blades
 + Level 0.2 Dodging
 + Level 0.3 Stealth
 * Level 3.1 Spellcasting
 + Level 3.5 Fire Magic


You had 8 spell levels left.
You knew the following spells:

 Your Spells              Type           Power      Damage    Failure   Level
o - Scorch                Fire           26%        2d6       6%          2

Your spell library contained the following spells:

 Spells                   Type           Power      Damage    Failure   Level
 Lesser Beckoning         Tloc           4%         N/A       28%         2
 Momentum Strike          Conj/Tloc      4%         3d8       28%         2
 Blink                    Tloc           Unusable   N/A       N/A         2

Dungeon Overview and Level Annotations

Branches:
Dungeon (4/15)
 Temple: D:4-7

Altars:
Cheibriados
Trog

Annotations:
D:1 swim 4 scroll
D:3 Eustachio


Innate Abilities, Weirdness & Mutations

You cannot be hasted, slowed, berserked, paralysed or teleported.
You can dig through walls and to a lower floor.
You have a pair of large antennae on your head. (SInv)
Your four strong arms can wield two-handed weapons with a shield.


Message History

The bat hits you but does no damage.
Eustachio casts a spell.
The rat closely misses you.
You closely miss Eustachio.
Eustachio is heavily wounded.
The bat hits you but does no damage. The bat misses you.
The bat barely misses you. The bat hits you but does no damage.
Eustachio closely misses you. The rat bites you but does no damage.
Eustachio hits you with a +0 rapier. The ufetubus attacks as you move away!
The ufetubus hits you but does no damage.
The ufetubus barely misses you. The bat misses you. x2
The rat completely misses you. The ufetubus misses you.
The ufetubus hits you but does no damage.
Casting: Scorch (safe; 6% risk of failure)
Confirm with . or Enter, or press ? or * to list all spells.
Flames lash Eustachio.
Eustachio is severely wounded.
Eustachio's fire resistance burns away.
The bat hits you but does no damage.
The bat barely misses you. x2; The rat bites you.
The ufetubus hits you.
* * * LOW HITPOINT WARNING * * *
The ufetubus hits you.
* * * LOW HITPOINT WARNING * * *
Eustachio closely misses you.
Casting: Scorch (safe; 6% risk of failure)
Confirm with . or Enter, or press ? or * to list all spells.
You miscast Scorch.
You are very lightly contaminated with residual magic.
Nothing appears to happen.
The bat barely misses you. The bat hits you but does no damage.
The ufetubus hits you.
* * * LOW HITPOINT WARNING * * *
The ufetubus completely misses you. The bat hits you but does no damage.
The rat barely misses you. The ufetubus closely misses you. x2
Eustachio hits you with a +0 rapier.
* * * LOW HITPOINT WARNING * * *
The ufetubus attacks as you move away! The ufetubus hits you.
* * * LOW HITPOINT WARNING * * *
The ufetubus barely misses you. Eustachio attacks as you move away!
Eustachio hits you with a +0 rapier.
You die...

............#....# #.#
............#.############.#
........................##.#
.......)................##.#
................).......##.#
................b.......##.#
................b.......##.#
############..b..@......##.#
#....@5......##.#
####.r#########.# ##.# #.#
#.# #.# #.# #.# #.# #.# #.#
#.# #.#########.#
#...........#


You could see Eustachio (combustible), an ufetubus (summoned), 3 bats and a rat
(summoned).

Vanquished Creatures
  Jessica (D:3)
  4 adders
  A worm (D:3)
  2 dart slugs (D:1)
  6 orcs (D:3)
  5 bats
  6 endoplasms
  5 giant cockroaches
  11 goblins
  4 hobgoblins
  4 jackals
  8 kobolds
  4 quokkas
  2 ball pythons
  A frilled lizard (D:1)
  5 rats
69 creatures vanquished.

Notes
Turn   | Place    | Note
-------+----------+-------------------------------------------
     0 | D:1      | Esekla the Formicid Cinder Acolyte began the quest for the
                  | Orb.
     0 | D:1      | Reached XP level 1. HP: 18/18 MP: 2/2
     6 | D:1      | Found a faded altar of an unknown god.
   104 | D:1      | Reached XP level 2. HP: 17/24 MP: 4/4
   133 | D:1      | Learned a level 2 spell: Scorch
   199 | D:1      | HP: 1/24 [bat (1)]
   473 | D:1      | Reached XP level 3. HP: 27/30 MP: 5/5
  1382 | D:2      | Reached XP level 4. HP: 37/37 MP: 1/6
  1533 | D:2      | Reached skill level 4 in Fighting
  2412 | D:3      | Noticed Jessica
  2425 | D:4      | Noticed a scorpion
  2426 | D:4      | Reached XP level 5. HP: 33/42 MP: 1/9
  2467 | D:3      | Killed Jessica
  2644 | D:3      | Found a snail-covered altar of Cheibriados.
  2644 | D:3      | Found a bloodstained altar of Trog.
  3295 | D:4      | Noticed Eustachio
  3301 | D:4      | Noticed a bullfrog
  3323 | D:3      | HP: 2/42 [Eustachio/+0 rapier (4)]
  3324 | D:3      | Slain by Eustachio

Illustrated notes

Levels and vault maps discovered:
D:1:      eino_arrival_tree_alley, layout_loops_ring,
          ebering_ecumenical_altar_webs, corexii_item_surrounded_by_moat,
          dreamdust_princess_bridge
D:2:      layout_basic
D:3:      layout_basic, gammafunk_temple_overflow_wave, minmay_bisected,
          uniq_jessica
D:4:      minmay_angry_zag, layout_rooms, uniq_eustachio

Skill      XL: |  1  2  3  4  5 |
---------------+----------------+-----
Fighting       | 4 |  4.3
Spellcasting   | 2 3 |  3.1
Long Blades    | |  3.6
Dodging        | |  0.2
Stealth        | |  0.3
Fire Magic     | |  3.5

Action                     |  1- 3 |  4- 6 || total
---------------------------+-------+-------++-------
  Melee: Falchion          |    87 |    70 ||   157
         Punch             |     1 |       ||     1
   Cast: Scorch            |    15 |    37 ||    52
 Armour: Robe              |    19 |    35 ||    54
  Dodge: Dodged            |    48 |   101 ||   149

Table legend: (Time is in decaauts)
 A = Elapsed time spent in this place.
 B = Non-inter-level travel time spent in this place.
 C = Inter-level travel time spent in this place.
 D = Time resting spent in this place.
 E = Time spent auto-exploring this place.
 F = Levels seen in this place.
 G = Mean time per level.
                   A        B        C        D        E       F      G
               +--------+--------+--------+--------+--------+-----+--------+
         Total |   3344 |   3245 |     99 |    893 |    995 |   4 |  836.0 |
       Dungeon |   3344 |   3245 |     99 |    893 |    995 |   4 |  836.0 |
               +--------+--------+--------+--------+--------+-----+--------+

Top non-repeatable levels by time:
     D:3: 1325 daAuts
     D:1: 1035 daAuts
     D:2: 970 daAuts
     D:4: 13 daAuts
